 Dungeon Crawl Stone Soup version 0.31.0-9-g3a7656b989 (webtiles) character file.

Game seed: 4230225092172471783

1368 qw the Nimble (level 8, -8/15 (39) HPs)
             Began as a Spriggan Hunter on Feb 2, 2024.
             Killed by divine providence
             ... invoked by Jeremiah
              (14 damage)
             ... on level 6 of the Dungeon.
             The game lasted 00:00:30 (4043 turns).

qw the Nimble (Spriggan Hunter)                     Turns: 4043, Time: 00:00:30

HP:   -8/15 (39)    AC:  9    Str:  4    XL:     8   Next: 38%
MP:   0/9           EV: 29    Int: 10    God:
Gold: 284           SH:  0    Dex: 25    Spells: 7/7 levels left

rFire   . . .        a - +4 shortbow
rCold   . . .        (shield currently unavailable)
rNeg    . . .        h - +4 robe "Sady" {+Blink Regen+ Str-3 Dex+4}
rPois   .            (helmet restricted)
rElec   .            g - +2 cloak
rCorr   .            (gloves unavailable)
SInv    +            (boots unavailable)
Will    +....        b - amulet of guardian spirit
Stlth   ++           (no ring)
HPRegen 1.02/turn    (no ring)
MPRegen 0.11/turn

%: guardian spirit
@: extremely drained, very quick
A: very small, no large weapons, unfitting armour, see invisible, speed 3
a: Evoke Blink


You were on level 6 of the Dungeon.
You visited 1 branch of the dungeon, and saw 6 of its levels.

You collected 284 gold pieces.


Innate Abilities, Weirdness & Mutations

You are very small and have problems with some larger weapons.
You are too small for most types of armour.
You have supernaturally acute eyesight. (SInv)
You cover ground extremely quickly. (Speed+++)


   Skills:
 - Level 2.0 Fighting
 + Level 7.3 Ranged Weapons
 - Level 10.9 Dodging
 - Level 1.5 Stealth


You had 7 spell levels left.
You didn't know any spells.
Your spell library was empty.

Inventory:

Hand Weapons
 a - a +4 shortbow (weapon)
Armour
 g - a +2 cloak (worn)
 h - the +4 robe "Sady" (worn) {+Blink Regen+ Str-3 Dex+4}
   (You found it on level 2 of the Dungeon)

   Str-3:     It affects your strength (-3).
   Dex+4:     It affects your dexterity (+4).
   +Blink:    It lets you blink.
   Regen+:    It increases your rate of health regeneration.
Jewellery
 b - an amulet of guardian spirit (around neck)
Wands
 c - a wand of flame (18)
Potions
 f - 3 potions of curing

Dungeon Overview and Level Annotations

Branches:
Dungeon (6/15)             Temple (0/1) D:5

Altars:

Annotations:
D:6 Jeremiah


Message History

4034 ||| DRINKING 2 potions of heal wounds.
You feel much better.
Jeremiah hits you with a +4 trident of draining.
You feel drained.
You shoot an arrow. The arrow hits Jeremiah.
Jeremiah is lightly wounded.
The butterfly disappears in a burst of colours!
Jeremiah hits you with a +4 trident of draining.
You feel drained.
You shoot an arrow. The arrow hits Jeremiah!
Jeremiah is heavily wounded.
Jeremiah completely misses you.
You shoot an arrow. The arrow closely misses Jeremiah.
The arrow closely misses the butterfly.
The arrow hits the butterfly.
You kill the butterfly!
The butterfly disappears in a burst of colours!
Jeremiah hits you with a +4 trident of draining.
You feel drained.
You shoot an arrow. The arrow hits Jeremiah.
Jeremiah is heavily wounded.
The butterfly disappears in a burst of colours!
Jeremiah hits you with a +4 trident of draining.
You feel drained.
4039 ||| DRINKING potion of heal wounds.
You feel much better. Jeremiah completely misses you.
You shoot an arrow. The arrow hits Jeremiah.
Jeremiah is severely wounded.
The butterfly disappears in a burst of colours! x2
Jeremiah hops!
The butterfly disappears in a burst of colours!
Jeremiah shouts, "O dreadful one, destroy my foe!"
Something smites you!
Ouch! That really hurt!
The butterfly disappears in a burst of colours!
Jeremiah cries, "Fearful master, protect me!"
Something smites you!
Ouch! That really hurt!
You die...
Jeremiah says, "O terrible one, your will is done." bF b

b##
b.#
#.#
#b#
#.#
#@#
#.#
..#
####


You could see Jeremiah.

Vanquished Creatures
  A two-headed ogre (D:5)
  3 ice beasts (D:5)
  A jelly (D:5)
  A gnoll bouda (D:5)
  3 iguanas (D:4)
  A sleepcap (D:5)
  2 orc wizards (D:4)
  Robin (D:3)
  8 gnolls
  6 adders
  A shadow imp (D:4)
  3 dart slugs
  2 ribbon worms
  11 orcs
  7 bats
  11 endoplasms
  5 giant cockroaches
  19 goblins
  8 hobgoblins
  8 jackals
  6 quokkas
  7 ball pythons
  4 frilled lizards (D:1)
  10 kobolds
  9 rats
138 creatures vanquished.

Notes
Turn   | Place    | Note
-------+----------+-------------------------------------------
     0 | D:1      | qw the Spriggan Hunter began the quest for the Orb.
     0 | D:1      | Reached XP level 1. HP: 10/10 MP: 2/2
     0 | D:1      | 0 ||| qw: Version: 0.3-a-155-g5e7d8dd
     0 | D:1      | 0 ||| qw: Game counter: 1214
     0 | D:1      | 0 ||| qw: Melee chars always use a shield: true
     0 | D:1      | 0 ||| qw: God list: Okawaru
     0 | D:1      | 0 ||| qw: Allow faded altars: false
     0 | D:1      | 0 ||| qw: Do Orc after clearing Dungeon:15 true
     0 | D:1      | 0 ||| qw: Do second Lair branch before Depths: true
     0 | D:1      | 0 ||| qw: Lair rune preference: random
     0 | D:1      | 0 ||| qw: Goals: Normal
     0 | D:1      | 0 ||| PLANNING D:1-11
    50 | D:1      | Reached skill level 3 in Dodging
   157 | D:1      | Reached XP level 2. HP: 14/14 MP: 3/3
   166 | D:1      | Reached skill level 4 in Dodging
   311 | D:1      | Reached XP level 3. HP: 13/18 MP: 4/4
   635 | D:1      | 635 ||| READING scroll labelled EGGASM XIMUAF.
   635 | D:1      | 635 ||| ENCHANTING +0 shortbow.
   636 | D:1      | 636 ||| READING scroll labelled BUS WOANAUSU.
   637 | D:1      | 637 ||| READING 2 scrolls labelled HECOKL ETARAO.
   637 | D:1      | 637 ||| IDENTIFYING fuming pink potion
   638 | D:1      | 638 ||| READING scroll of identify.
   638 | D:1      | 638 ||| IDENTIFYING 2 sedimented clear potions
   639 | D:1      | 639 ||| DRINKING 2 inky potions.
   640 | D:1      | 640 ||| DROPPING scroll of butterflies.
   641 | D:1      | 641 ||| DROPPING potion of brilliance.
   915 | D:2      | Identified the +4 robe "Sady" {+Blink Regen+ Str-3 Dex+4}
  1006 | D:2      | Reached XP level 4. HP: 22/22 MP: 5/5
  1240 | D:2      | 1240 ||| UPGRADING to +2 cloak.
  1245 | D:2      | 1245 ||| UPGRADING to +4 robe "Sady" {+Blink Regen+ Str-3
                  | Dex+4}.
  1255 | D:2      | 1255 ||| DROPPING +0 robe.
  1256 | D:2      | 1256 ||| UPGRADING to amulet of guardian spirit.
  1261 | D:2      | 1261 ||| READING scroll of identify.
  1261 | D:2      | 1261 ||| IDENTIFYING scroll labelled QARGHI QEAHUE
  1262 | D:2      | 1262 ||| READING scroll labelled DAGOVE DEMEDU.
  1262 | D:2      | 1262 ||| ENCHANTING +1 shortbow.
  1263 | D:2      | 1263 ||| DROPPING scroll of noise.
  1338 | D:3      | Found a faded altar of an unknown god.
  1407 | D:3      | Reached skill level 5 in Dodging
  1479 | D:3      | Noticed Robin
  1493 | D:3      | Killed Robin
  1502 | D:3      | Reached XP level 5. HP: 26/26 MP: 6/6
  2214 | D:3      | 2214 ||| READING scroll of identify.
  2214 | D:3      | 2214 ||| IDENTIFYING glowing golden potion
  2215 | D:3      | 2215 ||| DROPPING potion of berserk rage.
  2288 | D:4      | Reached skill level 6 in Dodging
  2457 | D:4      | 2457 ||| READING 3 scrolls of enchant weapon.
  2457 | D:4      | 2457 ||| ENCHANTING +1 shortbow.
  2458 | D:4      | 2458 ||| READING 2 scrolls of enchant weapon.
  2458 | D:4      | 2458 ||| ENCHANTING +2 shortbow.
  2459 | D:4      | 2459 ||| READING scroll of enchant weapon.
  2459 | D:4      | 2459 ||| ENCHANTING +3 shortbow.
  2536 | D:4      | Reached XP level 6. HP: 30/30 MP: 7/7
  2564 | D:4      | Reached skill level 6 in Ranged Weapons
  2985 | D:4      | 2985 ||| READING scroll labelled JIKIPT ZEPIM.
  2998 | D:5      | Entered Level 5 of the Dungeon
  3015 | D:5      | 3015 ||| RETREEEEATING.
  3017 | D:5      | 3017 ||| RETREEEEATING.
  3036 | D:5      | Reached skill level 7 in Dodging
  3071 | D:5      | Found a staircase to the Ecumenical Temple.
  3072 | D:5      | 3072 ||| PLANNING TEMPLE
  3153 | D:5      | Identified the +2 rapier of the Thing {drain, Fly}
  3238 | D:5      | Noticed an ice beast
  3244 | D:5      | Killed an ice beast
  3245 | D:5      | Reached XP level 7. HP: 35/35 MP: 8/8
  3406 | D:5      | Noticed a two-headed ogre
  3416 | D:5      | Killed a two-headed ogre
  3417 | D:5      | Reached skill level 10 in Dodging
  3417 | D:5      | Reached XP level 8. HP: 29/39 MP: 5/9
  3566 | D:5      | 3566 ||| READING scroll labelled IHEAB CESAUSSU.
  3568 | D:5      | 3568 ||| Stepping ~*~*~tactically~*~*~ (cloud).
  3659 | D:6      | Noticed Jeremiah
  3669 | D:6      | 3669 ||| STAIRDANCE
  3680 | D:6      | 3680 ||| STAIRDANCE
  3689 | D:6      | 3689 ||| STAIRDANCE
  3704 | D:6      | 3704 ||| STAIRDANCE
  3735 | D:6      | 3735 ||| STAIRDANCE
  3750 | D:6      | 3750 ||| STAIRDANCE
  3766 | D:6      | 3766 ||| STAIRDANCE
  3780 | D:6      | 3780 ||| STAIRDANCE
  3786 | D:6      | 3786 ||| STAIRDANCE
  3805 | D:6      | 3805 ||| STAIRDANCE
  3824 | D:6      | 3824 ||| STAIRDANCE
  3830 | D:6      | 3830 ||| STAIRDANCE
  3847 | D:6      | 3847 ||| STAIRDANCE
  3853 | D:6      | 3853 ||| STAIRDANCE
  3866 | D:6      | 3866 ||| STAIRDANCE
  3879 | D:6      | 3879 ||| STAIRDANCE
  3894 | D:6      | 3894 ||| STAIRDANCE
  3927 | D:6      | 3927 ||| STAIRDANCE
  3953 | D:6      | 3953 ||| STAIRDANCE
  3974 | D:6      | 3974 ||| STAIRDANCE
  4032 | D:6      | HP: 4/21 [Jeremiah/+4 trident of draining (8)]
  4033 | D:6      | 4033 ||| DRINKING 3 potions of heal wounds.
  4034 | D:6      | 4034 ||| DRINKING 2 potions of heal wounds.
  4038 | D:6      | HP: 2/16 [Jeremiah/+4 trident of draining (5)]
  4039 | D:6      | 4039 ||| DRINKING potion of heal wounds.
  4043 | D:6      | Killed from afar by Jeremiah

Levels and vault maps discovered:
D:1:      dpeg_arrival_pits, layout_loops_ring
D:2:      layout_basic, serial_corexii_hall, corexii_hall_statues_x,
          corexii_hall_statues_l, minmay_split_cup_small
D:3:      layout_basic, serial_rivers, chequers_serial_rivers_micro_b,
          chequers_serial_rivers_small_3, chequers_serial_rivers_small_b,
          chequers_serial_rivers_small_3, chequers_serial_rivers_large_a,
          chequers_serial_rivers_room_a, shapermc_ecumenical_altar_ellora,
          minmay_misc_feat_room, nicolae_elevator_lobby_asterisk, uniq_robin
D:4:      layout_gridville, solitary_fountain,
          serial_library_hellmonk_narrow_alcove, minmay_distorted
D:5:      layout_gridville, minmay_temple_entry_from_below_a
D:6:      layout_loops_cross, uniq_jeremiah, uniq_pikel, uniq_blork_the_orc

Skill      XL: |  1  2  3  4  5  6  7 |
---------------+----------------------+-----
Dodging        | 3 4 5 6 7 10 | 10.9
Ranged Weapons | 5 6 7 |  7.3
Fighting       | 2 |  2.0
Stealth        | |  1.5

Action                     |  1- 3 |  4- 6 |  7- 9 || total
---------------------------+-------+-------+-------++-------
   Fire: Shortbow          |    99 |   218 |    61 ||   378
    Use: Scroll            |     4 |     7 |     1 ||    12
         Potion            |     1 |       |     3 ||     4
 Armour: Robe              |     8 |    33 |    26 ||    67
  Dodge: Dodged            |    25 |   116 |    80 ||   221

Table legend:
 A = Non-vault XP
 B = Vault XP
 C = Vault XP percentage of total XP
 D = Non-vault monster count
 E = Vault monster count
 F = Vault count percentage of total count
                 A         B        C        D         E       F
            +---------+---------+-------+---------+---------+-------
      Total |    1865 |      90 |   4.6 |     119 |      19 |  13.8
            +---------+---------+-------+---------+---------+-------
        D:1 |      58 |       0 |   0.0 |      28 |       0 |   0.0
        D:2 |      73 |       6 |   7.6 |      20 |       3 |  13.0
        D:3 |      54 |      37 |  40.7 |      21 |      12 |  36.4
        D:4 |     218 |      47 |  17.7 |      32 |       4 |  11.1
        D:5 |    1462 |       0 |   0.0 |      18 |       0 |   0.0
            +---------+---------+-------+---------+---------+-------
